 Dungeon Crawl Stone Soup version 0.30-a0-743-gbfdf073431 (webtiles) character file.

Game seed: 18354463081500450353

3 NinjaNoafa the Conjurer (level 1, 0/14 HPs)
             Began as a Meteoran Conjurer on Feb 7, 2023.
             Frozen to death by an endoplasm (5 damage)
             ... on level 1 of the Dungeon.
             The game lasted 00:00:31 (44 turns).

NinjaNoafa the Conjurer (Meteoran Conjurer)           Turns: 44, Time: 00:00:32

Health: 0/14       AC:  2    Str:  8    XL:     1   Next: 71%
Magic:  0/5        EV: 12    Int: 19    God:
Gold:   0          SH:  0    Dex: 12    Spells: 4/5 levels left

rFire   . . .      SeeInvis .    (no weapon)
rCold   . . .      Faith    .    (no shield)
rNeg    . . .      Spirit   .    a - +0 robe
rPois   .          Reflect  .    (no helmet)
rElec   .          Harm     .    (no cloak)
rCorr   .          Rampage  .    (no gloves)
Will    .....                    (no boots)
Stlth   +                        (no amulet)
HPRegen 0.22/turn                (no ring)
MPRegen 0.09/turn                (no ring)

@: glowing
A: sense surroundings 1, otherworldly, glowing, explore regen
a: no special abilities


You were on level 1 of the Dungeon.
You visited 1 branch of the dungeon, and saw 1 of its levels.

Inventory:

Armour
 a - a +0 robe (worn)
Scrolls
 c - a scroll of fear {unknown}
Potions
 b - a potion of magic


   Skills:
 - Level 2.4 Dodging
 - Level 1.4 Stealth
 + Level 2.9 Spellcasting
 + Level 4.9 Conjurations


You had 4 spell levels left.
You knew the following spells:

 Your Spells              Type           Power      Damage    Failure   Level
a - Magic Dart            Conj           84%        1d7       1%          1

Your spell library contained the following spells:

 Spells                   Type           Power      Damage    Failure   Level
 Searing Ray              Conj           42%        2d6       3%          2
 Dazzling Flash           Conj/Hex       24%        N/A       17%         3
 Fulminant Prism          Conj/Hex       6%         3d6       50%         4
 Iskenderun's Mystic Bla  Conj/Tloc      12%        2d5       50%         4


Dungeon Overview and Level Annotations

Branches:
Dungeon (1/15) Zot: 555

Altars:


Innate Abilities, Weirdness & Mutations

You passively map a small area around you.
You are easily found by Zot.
You glow in the dark.
You regain HP and MP as you explore.


Message History

Found 8 stones.
A dart slug comes into view.
The magic dart hits the dart slug.
The dart slug is heavily wounded.
The magic dart hits the dart slug.
You kill the dart slug!
You can't see any susceptible monsters within range! (Use Z to cast anyway.)
Found a scroll labelled GOCVYT SUMA.
A rat comes into view.
An endoplasm comes into view.
The endoplasm quivers.
A quokka and a bat come into view.
The bat hits you but does no damage.
You see here a scroll labelled GOCVYT SUMA.
The magic dart hits the bat.
You kill the bat!
The rat closely misses you.
The magic dart hits the rat but does no damage.
The quokka bites you but does no damage.
The rat closely misses you.
The magic dart hits the quokka.
The quokka is moderately wounded.
The quokka barely misses you. The rat bites you but does no damage.
The magic dart hits the quokka.
The quokka is heavily wounded.
The quokka bites you. The rat bites you.
The magic dart hits the quokka.
The quokka is severely wounded.
The quokka barely misses you. The endoplasm freezes you.
You are frozen.
* * * LOW HITPOINT WARNING * * *
The rat completely misses you.
You are too injured to fight recklessly!
c - a scroll labelled GOCVYT SUMA The quokka bites you.
* * * LOW HITPOINT WARNING * * *
The endoplasm freezes you.
You are frozen.
You die...

, , *, , ...
*#..#(.# #
##+#.*#.####..#.##
#....*#.##.#..#..
, #....
#.##....##.#* , *
#.... #.#....## #.
#....##.#...## .#
* ####+#.......##
#......rJ.#### *
*, #......@..+ , ,
,,+.....r...# * ,
#.....###.... , ,
#..... *###### *
#...., , , ,,
....., * ....,
####


You could see an endoplasm, a quokka and a rat.

Vanquished Creatures
  A dart slug (D:1)
  A bat (D:1)
2 creatures vanquished.

Notes
Turn   | Place    | Note
-------+----------+-------------------------------------------
     0 | D:1      | NinjaNoafa the Meteoran Conjurer began the quest for the
                  | Orb.
     0 | D:1      | Reached XP level 1. HP: 14/14 MP: 5/5
    44 | D:1      | Frozen to death by an endoplasm

Illustrated notes

Levels and vault maps discovered:
D:1:      dpeg_arrival_arbitrary_a, layout_basic,
          shapermc_ecumenical_altar_flowoftime, supply_closet_lemuel

Action                     || total
---------------------------++-------
   Cast: Magic Dart        ||     7
 Armour: Robe              ||     3
  Dodge: Dodged            ||     5

Table legend: (Time is in decaauts)
 A = Elapsed time spent in this place.
 B = Non-inter-level travel time spent in this place.
 C = Inter-level travel time spent in this place.
 D = Time resting spent in this place.
 E = Time spent auto-exploring this place.
 F = Levels seen in this place.
 G = Mean time per level.
                   A        B        C        D        E       F      G
               +--------+--------+--------+--------+--------+-----+--------+
         Total |     44 |     44 |      0 |      0 |     22 |   1 |   44.0 |
       Dungeon |     44 |     44 |      0 |      0 |     22 |   1 |   44.0 |
               +--------+--------+--------+--------+--------+-----+--------+

Top non-repeatable levels by time:
     D:1: 44 daAuts
